 Dungeon Crawl Stone Soup version 0.31-a0-1202-ga8fea8b373 (webtiles) character file.

Game seed: 15501759679498384248

0 kae the Vexing (level 1, 0/13 HPs)
             Began as a Demonspawn Enchanter on Dec 12, 2023.
             Frozen to death by an endoplasm (4 damage)
             ... on level 1 of the Dungeon.
             The game lasted 00:00:05 (46 turns).

kae the Vexing (Demonspawn Enchanter)                 Turns: 46, Time: 00:00:06

Health: 0/13       AC:  2    Str:  8    XL:     1   Next: 8%
Magic:  3/3        EV: 12    Int: 15    God:
Gold:   0          SH:  0    Dex: 13    Spells: 4/4 levels left

rFire   . . .        a - +1 dagger
rCold   . . .        (no shield)
rNeg    . . .        b - +0 robe
rPois   .            (no helmet)
rElec   .            (no cloak)
rCorr   .            (no gloves)
SInv    .            (no boots)
Will    .....        (no amulet)
Stlth   ++           (no ring)
HPRegen 0.22/turn    (no ring)
MPRegen 0.08/turn

%: no passive effects
@: no status effects
A: no striking features
a: no special abilities


You were on level 1 of the Dungeon.
You visited 1 branch of the dungeon, and saw 1 of its levels.


   Skills:
 + Level 0.0 Fighting
 * Level 0.8 Short Blades
 - Level 1.7 Dodging
 * Level 2.7 Stealth
 + Level 2.0 Spellcasting
 + Level 3.0 Hexes


You had 4 spell levels left.
You didn't know any spells.
Your spell library contained the following spells:

 Spells                   Type           Power      Damage    Failure   Level
 Ensorcelled Hibernation  Hex/Ice        12%        N/A       19%         2
 Confusing Touch          Hex            10%        N/A       19%         3
 Tukima's Dance           Hex            10%        N/A       19%         3
 Dazzling Flash           Conj/Hex       12%        N/A       34%         3

Inventory:

Hand Weapons
 a - a +1 dagger (weapon)
Armour
 b - a +0 robe (worn)
Scrolls
 d - a scroll of identify {unknown}
Potions
 c - 2 potions of invisibility

Dungeon Overview and Level Annotations

Branches:
Dungeon (1/15) Zot: 5953

Altars:

....... #.............
##............#
..............
............. ##########
...........# #...~~~~..
..........$####.........
......#r.....8#....~~...
......g@......'.........
......J..##...'.........
.........##...'.........
...........#.8#....≈≈...
...........>###.........
............ #...≈≈≈≈..
!............ ##########
.............. ...


You could see an endoplasm, a hobgoblin and a rat.


Message History

Lua error: /dgldir/rcfiles/crawl-git/kae.rc:525: unexpected symbol near '#' 🤖 Initializing magus.rc ...
Bad monster_list_colour key: strict_neutral Bad channel name 'pray' for runrest: 'pray:' Options error: Missing colour in message_colour setting: 'that.*feels deathly cold' Options error: Missing colour in message_colour setting: 'and you must be Full or above to equip it' Options error: Missing colour in message_colour setting: 'but rights himself reflexively soon after' Options error: Missing colour in message_colour setting: 'before it is too late' ✅ Successfully initialized magus.rc [v1.11.3] Welcome, kae the Demonspawn Enchanter.
A smirking vizier told you that the Orb of Zot is just within this dungeon.
Press ? for a list of commands and other information.
Found a staircase leading out of the dungeon.
As you open the door, it creaks loudly!
No target in view!
No target in view!
There is an open door here.
You open the door.
There is an open door here.
You open the door.
There is an open door here.
d - a scroll labelled OVUHYN TIEKUUZOG No target in view!
No target in view!
No target in view!
No target in view!
You open the gate.
Found a stone staircase leading down.
No target in view!
No target in view!
There is an open gate here.
A rat and a bat come into view.
There are monsters nearby!
A hobgoblin comes into view.
The hobgoblin shouts!
There are monsters nearby!
An endoplasm comes into view.
The bat hits you but does no damage.
The endoplasm moves out of view.
You hit the bat. The bat closely misses you.
There are monsters nearby!
The bat misses you.
You barely miss the hobgoblin. The bat hits you.
The hobgoblin hits you. 😮 HP[-6]
You take 6 damage, and now have 7/13 hp.
MASSIVE DAMAGE!! (PAUSE)
The endoplasm quivers.
You hit the bat. The bat closely misses you.
Unknown command.
You hit the hobgoblin. The bat hits you.
* * * LOW HITPOINT WARNING * * *
The hobgoblin closely misses you. 😨 HP[-1]
You take 1 damage, and now have 6/13 hp.
Unknown command.
You hit the bat.
You kill the bat!
The hobgoblin closely misses you.
Unknown command.
You hit the hobgoblin. The rat barely misses you.
The hobgoblin closely misses you.
Unknown command.
You closely miss the hobgoblin. The endoplasm freezes you.
You are frozen.
* * * LOW HITPOINT WARNING * * *
The rat bites you but does no damage.
The hobgoblin closely misses you. 😨 HP[-2]
You take 2 damage, and now have 4/13 hp.
Unknown command.
You hit the endoplasm. The rat barely misses you. The endoplasm freezes you.
You are frozen.
You die...

Action                     || total
---------------------------++-------
  Melee: Dagger            ||     8
 Armour: Robe              ||     5
  Dodge: Dodged            ||     9

Levels and vault maps discovered:
D:1:      scummos_arrival_gate, layout_basic

Notes
Turn   | Place    | Note
-------+----------+-------------------------------------------
     0 | D:1      | kae the Demonspawn Enchanter began the quest for the Orb.
     0 | D:1      | Reached XP level 1. HP: 13/13 MP: 3/3
     0 | D:1      | magus.rc [v1.11.3]
    46 | D:1      | Frozen to death by an endoplasm

Vanquished Creatures
  A bat (D:1)
1 creature vanquished.

Table legend:
 A = Non-vault XP
 B = Vault XP
 C = Vault XP percentage of total XP
 D = Non-vault monster count
 E = Vault monster count
 F = Vault count percentage of total count
                 A         B        C        D         E       F
            +---------+---------+-------+---------+---------+-------
      Total |       1 |       0 |   0.0 |       1 |       0 |   0.0
            +---------+---------+-------+---------+---------+-------
        D:1 |       1 |       0 |   0.0 |       1 |       0 |   0.0
            +---------+---------+-------+---------+---------+-------

Action                     || total
---------------------------++-------
  Melee: Dagger            ||     8
 Armour: Robe              ||     5
  Dodge: Dodged            ||     9

Illustrated notes

Table legend:
 A = Kills in this place as a percentage of kills in the entire game.
 B = Kills by you in this place as a percentage of kills by you in the entire game.
 C = Kills by friends in this place as a percentage of kills by friends in the entire game.
 D = Other kills in this place as a percentage of other kills in the entire game.
 E = Experience gained in this place as a percentage of experience gained in the entire game.
 F = Experience gained in this place divided by the number of levels of this place that you have seen.
                   A       B       C       D       E      F
               +-------+-------+-------+-------+-------+----------------------
         Total | 100.0 | 100.0 |   N/A |   N/A | 100.0 |   1.0
       Dungeon | 100.0 | 100.0 |   N/A |   N/A | 100.0 |   1.0
               +-------+-------+-------+-------+-------+----------------------

Table legend: (Time is in decaauts)
 A = Elapsed time spent in this place.
 B = Non-inter-level travel time spent in this place.
 C = Inter-level travel time spent in this place.
 D = Time resting spent in this place.
 E = Time spent auto-exploring this place.
 F = Levels seen in this place.
 G = Mean time per level.
                   A        B        C        D        E       F      G
               +--------+--------+--------+--------+--------+-----+--------+
         Total |     45 |     45 |      0 |      0 |     32 |   1 |   45.0 |
       Dungeon |     45 |     45 |      0 |      0 |     32 |   1 |   45.0 |
               +--------+--------+--------+--------+--------+-----+--------+

Top non-repeatable levels by time:
     D:1: 45 daAuts
